 Dungeon Crawl Stone Soup version 0.17-a0-1763-g847a857 (webtiles) character file.

998 Gorice the Skirmisher (level 8, -4/56 HPs)
             Began as an Octopode Wanderer on Sept 3, 2015.
             Was an Initiate of Fedhas.
             Slain by a sky beast (5 damage)
             ... on level 6 of the Dungeon on Sept 4, 2015.
             The game lasted 00:33:57 (5910 turns).

Gorice the Skirmisher (Octopode Wanderer)           Turns: 5910, Time: 00:33:58

Health: -4/56      AC:  1    Str: 10    XL:     8   Next: 19%
Magic:  8/15       EV: 10    Int: 17    God:    Fedhas [......]
Gold:   268        SH:  9    Dex: 12    Spells: 2 memorised, 15 levels left

rFire  + . .     SeeInvis .     a - +4 dagger (freeze)
rCold  + . .     Clarity  .     v - +1 shield {rC+ rF+}
rNeg   . . .     SustAt   .     (helmet restricted)
rPois  +         Gourm    .     Y - amulet of regeneration
rElec  .         Spirit   .     A - ring of poison resistance
rCorr  .         Warding  .     (no ring)
rMut   .         Stasis   .     (no ring)
MR     .....                    (no ring)
Stlth  +++.......               (no ring)
                                (no ring)
                                (no ring)
                                (no ring)

@: very slightly contaminated, not resistant to hostile enchantments, fairly
stealthy
A: almost no armour, amphibious, 8 rings, constrict 8, camouflage 1, gelatinous
body 1
a: Renounce Religion


You were on level 6 of the Dungeon.
You worshipped Fedhas.
Fedhas was noncommittal.
You were not hungry.

You visited 2 branches of the dungeon, and saw 7 of its levels.

You collected 268 gold pieces.

Inventory:

Hand weapons
 a - a +4 dagger of freezing (weapon)
   (You took it off a goblin on level 1 of the Dungeon)
 b - a +0 blowgun
 p - a +2 short sword of protection
   (You took it off an orc on level 6 of the Dungeon)
 y - a +0 falchion
Missiles
 h - 24 sling bullets
 r - 25 sling bullets of frost
 t - 8 poisoned needles
 w - 4 tomahawks of returning (quivered)
 Z - 204 stones
Armour
 v - a +1 shield of resistance (worn)
   (You found it on level 4 of the Dungeon)
Jewellery
 A - a ring of poison resistance (left tentacle)
 Y - an amulet of regeneration (around mantle)
Magical devices
 x - a wand of polymorph (7)
 G - a wand of frost (20)
Scrolls
 d - a scroll of enchant weapon
 m - 2 scrolls of recharging
 q - 2 scrolls of teleportation {!r}
 F - a scroll of identify
Potions
 l - 2 potions of flight
 n - a potion of agility {!q}
 o - 2 potions of ambrosia {!q}
 s - a potion of heal wounds {unknown}
 u - a potion of magic {unknown}
 z - a potion of invisibility {!q}
 C - a potion of curing
Books
 c - the Papyrus of Companions

   Spells                             Type                      Level
   a - Summon Butterflies             Summoning                    1
   b - Summon Small Mammal            Summoning                    1
 B - the Handbook of the Eleven Ships

   Spells                             Type                      Level
   a - Sandblast                      Earth                        1
   b - Stoneskin                      Transmutation/Earth          2
Miscellaneous
 j - a fan of gales
Comestibles
 e - 4 bread rations {!e}
 f - a royal jelly
 g - 3 meat rations {!e}
 i - 5 fruits {!e}
 k - 4 beef jerkies
 D - a slice of pizza


   Skills:
 + Level 5.6 Fighting
 - Level 2.2 Dodging
 - Level 1.3 Stealth
 + Level 4.4 Shields
 - Level 5.0 Spellcasting
   Level 1.0 Hexes
 + Level 4.7 Summonings
   Level 1.0 Translocations
 - Level 1.1 Evocations


You had 15 spell levels left.
You knew the following spells:

 Your Spells              Type           Power        Failure   Level  Hunger
a - Summon Small Mammal   Summ           ###.         12%         1    None
B - Summon Butterflies    Summ           ###.....     12%         1    None


Dungeon Overview and Level Annotations

Branches:
Dungeon (6/15)             Temple (1/1) D:4

Altars:
Ashenzari
Cheibriados
Dithmenos
Elyvilon
Fedhas
Gozag
Kikubaaqudgha
Makhleb
Nemelex Xobeh
Okawaru
Qazlal
Ru
Sif Muna
Trog
Vehumet
Xom
Yredelemnul
Zin
The Shining One


Innate Abilities, Weirdness & Mutations

You cannot wear most types of armour.
You are amphibious.
You can wear up to eight rings at the same time.
You can use your tentacles to constrict eight enemies at once.
Your skin changes colour to match your surroundings (Stealth).
Your rubbery body absorbs attacks (AC +1).


Message History

Your bat barely misses something.
Something misses your quokka. Something hits your quokka.
Something shocks your quokka.
Your quokka dies!
Your quokka's corpse disappears in a puff of smoke!
Your bat barely misses something.
Unknown command.
Your bat closely misses something.
Your bat barely misses something.
Your bat misses something.
Your bat completely misses something.
Casting: Summon Small Mammal
Confirm with . or Enter, or press ? or * to list all spells.
You miscast Summon Small Mammal.
You are very lightly contaminated with residual magic.
Nothing appears to happen.
Your bat barely misses something.
Casting: Summon Small Mammal
Confirm with . or Enter, or press ? or * to list all spells.
You miscast Summon Small Mammal.
Nothing appears to happen.
Your bat closely misses something.
Your bat barely misses something.
A sky beast appears from thin air!
Reactivating autopickup.
The sky beast hits your bat. The sky beast shocks your bat.
Your bat dies!
Your bat's corpse disappears in a puff of smoke!
Throwing (i - inventory. (,) - cycle):
w - 5 tomahawks of returning (quivered)
Press: ? - help, Shift-Dir - straight line, f - sky beast
Aim: a sky beast (rain, severely wounded)
You throw a tomahawk of returning.
The tomahawk of returning misses the sky beast.
The tomahawk of returning fails to return to your pack!
Unknown command.
You hit the sky beast. You freeze the sky beast.
The sky beast is almost dead.
The sky beast hits you. The sky beast shocks you.
* * * LOW HITPOINT WARNING * * *
Damage: 6 (max 6) Unknown command.
You hit the sky beast but do no damage. Your squeeze misses the sky beast.
The sky beast is almost dead.
The sky beast hits you.
* * * LOW HITPOINT WARNING * * *
The sky beast shocks you.
* * * LOW HITPOINT WARNING * * *
Damage: 8 (max 8)
You completely miss the sky beast. Your squeeze misses the sky beast.
The sky beast is almost dead.
The sky beast hits you.
* * * LOW HITPOINT WARNING * * *
The sky beast shocks you.
You die...
Fedhas appreciates your contribution to the ecosystem.

#........o.##.# ###
#...###.##.##.# #.. #...#
#.##.##.# ###.## #...# #.##.##.#
...a# #######..####.##.##.#
...####r.# ..................).#
.........# #######..#...........
########.#########.....##.##.##.#
#......aY@.....#.#.##.##..
############....##.......#
##.........##.. ##############


You could see a sky beast and a worker ant.

Vanquished Creatures
  2 ogres
  A centaur (D:5)
  The ghost of poirepourri the Firebug, an average DEFE (D:4)
  A scorpion (D:6)
  A crimson imp (D:6)
  2 gnoll shamans (D:5)
  A centaur skeleton (D:4)
  An orc priest (D:5)
  2 hounds (D:5)
  An iguana (D:4)
  An orc wizard (D:5)
  3 worker ants (D:4)
  5 adders
  10 gnolls
  A shadow imp (D:6)
  4 worms
  An adder skeleton (D:6)
  4 giant geckos
  12 orcs
  9 bats
  7 goblins
  8 hobgoblins
  A quokka (D:6)
  5 ball pythons
  3 giant cockroaches
  A giant gecko skeleton (D:5)
  6 giant newts
  8 jackals
  10 kobolds
  A quokka skeleton (D:5)
  10 rats
123 creatures vanquished.

Vanquished Creatures (collateral kills)
  2 ogres (D:5)
  A giant frog zombie (D:6)
  3 gnolls (D:5)
  2 worms (D:2)
  An orc (D:5)
  A goblin (D:1)
10 creatures vanquished.

Vanquished Creatures (others)
  23 toadstools
23 creatures vanquished.

Grand Total: 156 creatures vanquished

Notes
Turn   | Place    | Note
--------------------------------------------------------------
     0 | D:1      | Gorice the Octopode Wanderer began the quest for the Orb.
     0 | D:1      | Gorice set off with: a fan of gales, the Handbook of the Eleven Ships, the Papyrus of Companions, a +0 dagger, a bread ration {!e}
     0 | D:1      | Reached XP level 1. HP: 11/11 MP: 6/6
     0 | D:1      | Identified the Handbook of the Eleven Ships
     0 | D:1      | Identified the Papyrus of Companions
     2 | D:1      | Learned a level 1 spell: Summon Butterflies
     4 | D:1      | Learned a level 1 spell: Summon Small Mammal
   224 | D:1      | Reached skill level 1 in Fighting
   224 | D:1      | Reached XP level 2. HP: 16/18 MP: 8/8
   248 | D:1      | Reached skill level 1 in Dodging
   709 | D:1      | Reached XP level 3. HP: 23/23 MP: 9/9
  1060 | D:2      | HP: 7/24 [poisoned by an adder]
  1465 | D:2      | Reached skill level 2 in Fighting
  1501 | D:2      | HP: 6/24 [worm (6)]
  1705 | D:2      | Reached XP level 4. HP: 27/29 MP: 11/11
  2220 | D:3      | Reached skill level 2 in Summonings
  2370 | D:3      | Reached skill level 2 in Dodging
  2591 | D:3      | Found a bloodstained altar of Trog.
  2959 | D:3      | Reached XP level 5. HP: 33/36 MP: 12/12
  3226 | D:4      | Reached skill level 3 in Fighting
  3265 | D:4      | Noticed an ogre
  3357 | D:4      | Killed an ogre
  3357 | D:4      | Reached skill level 1 in Shields
  3383 | D:4      | Reached skill level 2 in Shields
  3383 | D:4      | Reached XP level 6. HP: 36/43 MP: 13/13
  3445 | D:4      | Upgraded the game from 0.17-a0-1760-ga6756ae to 0.17-a0-1763-g847a857
  3610 | D:4      | Noticed poirepourri's ghost (average DEFE)
  3618 | D:4      | HP: 12/43 [poirepourri's ghost (5)]
  3620 | D:4      | HP: 2/43 [poirepourri's ghost/puff of flame (4)]
  3637 | D:4      | Killed poirepourri's ghost
  3637 | D:4      | Reached skill level 4 in Fighting
  3637 | D:4      | Reached skill level 3 in Summonings
  3660 | D:4      | Found a staircase to the Ecumenical Temple.
  3718 | Temple   | Entered the Ecumenical Temple
  4222 | Temple   | Became a worshipper of Fedhas Madash
  4267 | D:4      | Reached XP level 7. HP: 48/48 MP: 14/14
  4420 | D:5      | Entered Level 5 of the Dungeon
  4471 | D:5      | Reached skill level 3 in Shields
  4498 | D:5      | HP: 14/49 [gnoll/spear (3)]
  4709 | D:5      | Reached skill level 4 in Summonings
  4724 | D:5      | HP: 12/49 [gnoll shaman/whip (7)]
  4897 | D:5      | Reached skill level 5 in Fighting
  5083 | D:5      | Reached skill level 4 in Shields
  5149 | D:5      | Reached XP level 8. HP: 55/55 MP: 5/15
  5570 | D:6      | Found a sparkling altar of Nemelex Xobeh.
  5764 | D:6      | Found a shattered altar of Ashenzari.
  5896 | D:6      | HP: 13/56 [something (6)]
  5908 | D:6      | HP: 14/56 [sky beast (5)]
  5909 | D:6      | HP: 6/56 [sky beast (5)]
  5910 | D:6      | HP: 1/56 [sky beast (5)]
  5910 | D:6      | Slain by a sky beast

Vault maps used:
D:1:      erik_arrival_cave_to_civilisation
D:2:      first_bread
D:3:      lemuel_coloured_pillars_altar, saegor_snake_ambush
D:4:      minmay_temple_entry_junction
D:5:      wad_pebble_path
D:6:      nemelex_deck, old_standard_altar, uniq_duvessa
Temple:   nicolae_temple_the_god_donut

Action                   |  1- 3 |  4- 6 |  7- 9 || total
-------------------------+-------+-------+-------++-------
Melee: Dagger            |    63 |   124 |   112 ||   299
 Fire: Blowgun           |       |     4 |       ||     4
Throw: Stone             |       |       |     3 ||     3
       Tomahawk          |       |       |     3 ||     3
 Cast: Summon Small Mamm |    22 |    14 |    63 ||    99
  Use: Scroll            |     3 |     3 |     5 ||    11
       Potion            |       |     1 |       ||     1
 Stab: Sleeping          |    11 |    14 |     2 ||    27
       Distracted        |       |     1 |     1 ||     2
  Eat: Chunk             |     3 |     8 |     6 ||    17
       Beef jerky        |       |       |     1 ||     1

Table legend:
 A = Turns spent in this place as a percentage of turns spent in the entire game.
 B = Non-inter-level travel turns spent in this place as a percentage of non-inter-level travel turns spent in the entire game.
 C = Inter-level travel turns spent in this place as a percentage of turns spent in this place.
 D = Turns resting spent in this place as a percentage of non-inter-level travel turns spent in this place.
 E = Turns spent auto-exploring this place as a percentage of non-inter-level travel turns spent in this place.
 F = Non-inter-level travel turns spent in this place divided by the number of levels of this place that you've seen.
                   A       B       C       D       E      F
               +-------+-------+-------+-------+-------+----------------------
         Total | 100.0 | 100.0 |   0.5 |   2.3 |   6.2 | 315.7
       Dungeon |  96.9 |  96.9 |   0.5 |   2.3 |   5.7 | 357.0
        Temple |   3.1 |   3.1 |   1.4 |   0.0 |  20.6 |  68.0
               +-------+-------+-------+-------+-------+----------------------

Vault maps used:
D:1:      erik_arrival_cave_to_civilisation
D:2:      first_bread
D:3:      lemuel_coloured_pillars_altar, saegor_snake_ambush
D:4:      minmay_temple_entry_junction
D:5:      wad_pebble_path
D:6:      nemelex_deck, old_standard_altar, uniq_duvessa
Temple:   nicolae_temple_the_god_donut
